 Dungeon Crawl Stone Soup version 0.29-a0-821-g66395355a5 (webtiles) character file.

Game seed: 12720703089587511334

27390 gobodom the Thaumaturge (level 13, -8/75 (86) HPs)
             Began as a Demonspawn Fire Elementalist on July 7, 2022.
             Mangled by a spectral death yak (12 damage)
             ... on level 4 of the Lair of Beasts.
             The game lasted 01:16:17 (22910 turns).

gobodom the Thaumaturge (DsFE)                     Turns: 22910, Time: 01:16:17

HP:   -8/75 (86)    AC: 16    Str:  8    XL:     13   Next: 4%
MP:   11/29         EV: 14    Int: 21    God:
Gold: 1949          SH:  5    Dex: 15    Spells: 12/36 levels left

rFire   + . .      SeeInvis .   O - +6 dagger (venom)
rCold   . . .      Faith    .   (no shield)
rNeg    + . .      Spirit   .   I - +2 robe {rF+}
rPois   .          Reflect  +   L - +2 hat
rElec   .          Harm     .   a - +2 cloak
rCorr   +          Rampage  .   w - +2 pair of gloves
Will    .....                   (boots unavailable)
Stlth   +++.......              J - amulet of reflection
HPRegen 0.22/turn               f - ring of resist corrosion
MPRegen 0.21/turn               T - ring of positive energy

@: heavily drained
A: hooves 3, molten scales 2, powered by pain 1, demonic magic 2, claws 1,
shaggy fur 1
a: no special abilities


You were on level 4 of the Lair of Beasts.
You visited 2 branches of the dungeon, and saw 16 of its levels.

You collected 1949 gold pieces.

Inventory:

Hand Weapons
 H - a +4 spectral hand axe
 O - a +6 dagger of venom (weapon)
Missiles
 i - 5 curare-tipped darts
 Z - a silver boomerang
Armour
 a - a +2 cloak (worn)
 w - a +2 pair of gloves (worn)
 I - a +2 robe of fire resistance (worn)
 L - a +2 hat (worn)
 N - +0 steam dragon scales
 R - a +0 troll leather armour
 V - the +4 leather armour of Hairiness {rC+ Will+}
   (You found it on level 11 of the Dungeon)

   rC:        It protects you from cold.
   Will:      It increases your willpower.
Magical Staves
 l - a staff of poison
Jewellery
 f - a ring of resist corrosion (left hand)
 J - an amulet of reflection (around neck)
 M - an amulet of the acrobat
 T - a ring of positive energy (right hand)
Wands
 p - a wand of flame (32)
 t - a wand of roots (21)
 u - a wand of charming (23)
 x - a wand of quicksilver (18)
 y - a wand of polymorph (3)
 Y - a wand of mindburst (9)
Scrolls
 d - a scroll of brand weapon
 e - a scroll of amnesia
 h - a scroll of enchant armour
 j - 2 scrolls of teleportation
 r - 5 scrolls of poison
 s - a scroll of fog
 z - a scroll of blinking
 A - 2 scrolls of vulnerability
 B - a scroll of fear
 C - 2 scrolls of magic mapping
 E - 4 scrolls of immolation
 U - a scroll of noise
Potions
 b - 5 potions of magic
 c - 7 potions of curing
 g - 5 potions of might
 k - 5 potions of brilliance
 m - 2 potions of attraction
 n - a potion of resistance
 o - 7 potions of lignification
 q - 6 potions of heal wounds
 v - a potion of ambrosia
 D - 2 potions of berserk rage
 S - 3 potions of mutation
 W - 2 potions of invisibility
 X - 3 potions of flight
Miscellaneous
 Q - a phantom mirror


   Skills:
 + Level 3.3 Fighting
 + Level 3.4 Short Blades
 + Level 4.8 Dodging
 + Level 5.6 Stealth
 + Level 2.9 Shields
 + Level 12.0 Spellcasting
 + Level 9.1 Conjurations
 + Level 0.1 Transmutations
 + Level 10.4 Fire Magic
 * Level 3.6 Poison Magic
 + Level 5.1 Evocations


You had 12 spell levels left.
You knew the following spells:

 Your Spells              Type           Power      Damage    Failure   Level
a - Foxfire               Conj/Fire      100%       2x1d9     1%          1
b - Scorch                Fire           100%       2d10      1%          2
c - Flame Wave            Conj/Fire      52%        2d11      1%          4
d - Conjure Flame         Conj/Fire      52%        6-21      1%          3
e - Inner Flame           Hex/Fire       34%        N/A       1%          3
f - Sticky Flame          Conj/Fire      52%        2d7       1%          4
g - Ignite Poison         Fire/Tmut/Pois 32%        N/A       2%          3
h - Olgreb's Toxic Radia  Pois           28%        N/A       12%         4

Your spell library contained the following spells:

 Spells                   Type           Power      Damage    Failure   Level
 Shock                    Conj/Air       100%       1d9       1%          1
 Sting                    Tmut/Pois      80%        1d7       2%          1
 Mephitic Cloud           Conj/Pois/Air  30%        N/A       2%          3
 Poisonous Vapours        Pois/Air       40%        N/A       3%          2
 Apportation              Tloc           24%        N/A       5%          1
 Slow                     Hex            48%        N/A       5%          1
 Frozen Ramparts          Ice            24%        1d4       16%         3
 Summon Guardian Golem    Hex/Summ       12%        N/A       16%         3
 Freezing Cloud           Conj/Ice/Air   12%        6-21      38%         5
 Ice Form                 Ice/Tmut       12%        N/A       45%         4
 Summon Ice Beast         Ice/Summ       12%        N/A       45%         4
 Orb of Destruction       Conj           25%        9d9       71%         7
 Spellforged Servitor     Conj/Summ      15%        N/A       100%        7


Dungeon Overview and Level Annotations

Branches:
Dungeon (12/15)            Temple (0/1) D:5            Lair (4/6) D:9
 Shoals (0/4) Lair:2        Snake (0/4) Lair:3          Orc (0/2) D:11

Altars:
Dithmenos
Hepliaklqana
Makhleb
Ru

Shops:
D:4 !   D:10 !

Annotations:
D:9 1 runed translucent door, RancidPinata's ghost, novice GrGl
Lair:4 Fiha's ghost, journeyman VSTm


Innate Abilities, Weirdness & Mutations

You have hooves in place of feet.
You are mostly covered in molten scales. (AC +3)
You sometimes gain a little power by taking damage.
Spells you cast may paralyse nearby enemies.
You have sharp fingernails.
You are covered in fur. (AC +1)


Message History

Confirm with . or Enter, or press ? or * to list all spells.
Casting: Flame Wave (dangerous; 1% risk of failure)
Press: ? - help, Dir - look around, f - activate A wave of flame ripples out!
The flame wave engulfs the spectral death yak.
The spectral death yak is heavily damaged.
The flame wave engulfs your foxfire.
Your foxfire completely resists.
The flame wave engulfs the spectral dream sheep.
You destroy the spectral dream sheep!
The flame wave engulfs your foxfire.
Your foxfire completely resists.
The flame wave engulfs Fiha's ghost.
Fiha's ghost is severely damaged. (Press . to intensify the flame waves.) Malevolent energies surge around you.
The foxfire hits the spectral death yak!
The spectral death yak is severely damaged.
The foxfire hits the spectral death yak but does no damage.
The spectral death yak is severely damaged.
The spectral death yak gores you!
* * * LOW HITPOINT WARNING * * *
You partially resist.
You feel drained. Fiha's ghost hits you.
* * * LOW HITPOINT WARNING * * *
A wave of flame ripples out!
The flame wave engulfs the spectral death yak!
The spectral death yak is severely damaged.
The flame wave engulfs the spectral death yak.
The spectral death yak is moderately damaged.
The flame wave engulfs Fiha's ghost.
Fiha's ghost is severely damaged.
The flame wave engulfs the torpor snail simulacrum but does no damage.
The torpor snail simulacrum is almost destroyed.
Fiha's ghost hits you but does no damage.
The spectral death yak gores you!
* * * LOW HITPOINT WARNING * * *
You partially resist.
You feel drained.
* * * LOW HITPOINT WARNING * * *
The spectral death yak gores you!
You die...

................................(
...#.#).....#########............
..#######...#..#.#$.#.#..........
### #.##.##.$?(.#########P##.. #
######....... ####.. # ##.....##
##> #..Z....# #.. ###ZZW#### ###
##.. #..@....#####.###...
#.ยงยง.......###.#....
##...^..............
#.#................
#..................
#.......##.#.#P.....
#...#######.####.#P# #..# ###
##### #..


You could see 2 spectral death yaks, Fiha's ghost and a torpor snail simulacrum
(paralysed).

Vanquished Creatures
  2 hydras
  A boulder beetle (D:12)
  A two-headed ogre (D:9)
  Nergalle (D:11)
  A merfolk siren (Lair:2)
  A black mamba (Lair:4)
  Joseph (D:8)
  9 cane toads
  A kobold demonologist (D:10)
  4 komodo dragons
  3 merfolk (Lair:2)
  3 trolls
  A polar bear (Lair:2)
  A spectral dream sheep (Lair:4)
  5 wyverns
  3 wraiths
  A vampire (D:10)
  51 yaks
  4 basilisks
  3 steam dragons
  5 nagas (Lair:3)
  2 acid dragons
  7 water moccasins
  A sky beast (D:4)
  6 black bears
  9 wolves
  2 ogres
  7 centaurs
  14 bullfrogs
  4 kobold brigands
  2 gnoll sergeants
  3 scorpions
  A necrophage (D:4)
  11 wights
  11 killer bees
  A dream sheep simulacrum (Lair:4)
  3 howler monkeys
  7 electric eels (D:8)
  A crimson imp (D:7)
  3 jellies
  A komodo dragon simulacrum (Lair:4)
  A hound (D:4)
  7 orc priests
  5 iguanas
  7 orc wizards
  7 adders
  11 gnolls
  A shadow imp (D:7)
  3 white imps (D:7)
  A worm (D:3)
  38 orcs
  7 bats
  8 endoplasms
  2 giant cockroaches
  15 goblins
  8 hobgoblins
  7 jackals
  31 kobolds
  A quokka (D:4)
  5 ball pythons
  A frilled lizard (D:3)
  6 rats
370 creatures vanquished.

Vanquished Creatures (collateral kills)
  A two-headed ogre (D:9)
  A troll (D:9)
  A basilisk (D:9)
  24 foxfires
27 creatures vanquished.

Vanquished Creatures (others)
  An orc wizard (D:11)
  2 orcs
  A quokka (D:7)
  1659 foxfires
  7 fungi
  20 plants
1690 creatures vanquished.

Grand Total: 2087 creatures vanquished

Notes
Turn   | Place    | Note
-------+----------+-------------------------------------------
     0 | D:1      | gobodom the Demonspawn Fire Elementalist began the quest
                  | for the Orb.
     0 | D:1      | Reached XP level 1. HP: 13/13 MP: 3/3
   102 | D:1      | Found a faded altar of an unknown god.
   315 | D:1      | Gained mutation: You have large cloven feet. [demonic
                  | ancestry]
   315 | D:1      | Reached XP level 2. HP: 19/19 MP: 0/5
  1191 | D:1      | Reached XP level 3. HP: 23/24 MP: 1/6
  2351 | D:2      | Gained mutation: You have hoof-like feet. [demonic
                  | ancestry]
  2351 | D:2      | Reached XP level 4. HP: 23/30 MP: 2/8
  3189 | D:3      | Reached skill level 3 in Spellcasting
  3575 | D:3      | Gained mutation: You are partially covered in molten
                  | scales. (AC +2) [demonic ancestry]
  3575 | D:3      | Reached XP level 5. HP: 35/35 MP: 0/9
  4190 | D:4      | Noticed a sky beast
  4201 | D:4      | Killed a sky beast
  4202 | D:4      | Gained mutation: You are mostly covered in molten scales.
                  | (AC +3) [demonic ancestry]
  4202 | D:4      | Reached XP level 6. HP: 41/41 MP: 2/11
  4294 | D:4      | Reached skill level 4 in Spellcasting
  4449 | D:4      | Noticed a water moccasin
  4454 | D:4      | Killed a water moccasin
  4673 | D:4      | Learned a level 2 spell: Scorch
  5116 | D:4      | Found Uwnioree's Distillery.
  5172 | D:4      | Gained mutation: You have hooves in place of feet. [demonic
                  | ancestry]
  5172 | D:4      | Reached XP level 7. HP: 46/46 MP: 6/14
  5550 | D:5      | Entered Level 5 of the Dungeon
  5558 | D:5      | Reached skill level 5 in Fire Magic
  5769 | D:5      | Found a shadowy altar of Dithmenos.
  5818 | D:5      | Reached skill level 5 in Spellcasting
  6300 | D:5      | Found a staircase to the Ecumenical Temple.
  6822 | D:6      | Reached XP level 8. HP: 51/53 MP: 7/16
  7251 | D:6      | Reached skill level 1 in Fighting
  7251 | D:6      | Reached skill level 6 in Spellcasting
  7672 | D:6      | Reached skill level 5 in Conjurations
  7860 | D:7      | Gained mutation: You are dopey. (Int -2) [potion of
                  | mutation]
  7861 | D:7      | Lost mutation: You are dopey. (Int -2) [potion of mutation]
  7861 | D:7      | Gained mutation: You have sharp fingernails. [potion of
                  | mutation]
  7861 | D:7      | Gained mutation: You are covered in fur. (AC +1) [potion of
                  | mutation]
  8002 | D:7      | Reached skill level 1 in Evocations
  8096 | D:7      | Gained mutation: You sometimes gain a little power by
                  | taking damage. [demonic ancestry]
  8096 | D:7      | Reached XP level 9. HP: 54/59 MP: 8/19
  8129 | D:7      | Reached skill level 1 in Short Blades
  8969 | D:7      | Found a burning altar of Makhleb.
  8977 | D:7      | Reached skill level 7 in Spellcasting
  9269 | D:7      | Found a hazy altar of Hepliaklqana.
  9269 | D:7      | Found a sacrificial altar of Ru.
  9608 | D:8      | Reached skill level 1 in Shields
 10309 | D:8      | Noticed Joseph
 10594 | D:8      | Reached skill level 8 in Spellcasting
 10594 | D:8      | Reached XP level 10. HP: 66/66 MP: 19/22
 11069 | D:8      | HP: 3/66 [constriction (3)]
 11070 | D:8      | Killed Joseph
 11421 | D:8      | Learned a level 4 spell: Flame Wave
 11428 | D:8      | Learned a level 3 spell: Conjure Flame
 11432 | D:8      | Learned a level 3 spell: Inner Flame
 12367 | D:9      | Noticed a two-headed ogre
 12377 | D:9      | Killed a two-headed ogre
 12663 | D:9      | Reached skill level 9 in Spellcasting
 12875 | D:9      | Found a runed translucent door.
 12876 | D:9      | Noticed a centaur warrior
 12877 | D:9      | Noticed RancidPinata's ghost (novice GrGl)
 13679 | D:9      | Found a staircase to the Lair.
 13957 | D:9      | Noticed a two-headed ogre
 13958 | D:9      | Killed a two-headed ogre
 13959 | D:9      | Reached skill level 5 in Evocations
 13959 | D:9      | Reached XP level 11. HP: 71/71 MP: 24/24
 14185 | D:10     | Entered Level 10 of the Dungeon
 14365 | D:10     | Found Juoritrab's Distillery.
 14440 | D:10     | Reached skill level 10 in Spellcasting
 14795 | D:10     | Got A Tutorial on Casting
 15107 | D:10     | Noticed a six-headed hydra
 15121 | D:10     | Killed a six-headed hydra
 15412 | D:11     | Noticed Nergalle
 15422 | D:11     | Killed Nergalle
 15609 | D:11     | Identified the +0 robe of Mori {rF+}
 16600 | D:11     | Found a staircase to the Orcish Mines.
 16601 | D:11     | Identified the +4 leather armour of Hairiness {rC+ Will+}
 17134 | D:12     | Noticed a boulder beetle
 17149 | D:12     | Killed a boulder beetle
 17496 | Lair:1   | Entered Level 1 of the Lair of Beasts
 17713 | Lair:1   | Reached skill level 11 in Spellcasting
 18167 | Lair:1   | Gained mutation: Spells you cast may paralyse adjacent
                  | enemies. [demonic ancestry]
 18167 | Lair:1   | Reached XP level 12. HP: 46/80 MP: 9/27
 18558 | Lair:1   | Learned a level 4 spell: Sticky Flame
 18562 | Lair:1   | Learned a level 3 spell: Ignite Poison
 19242 | Lair:2   | Reached skill level 10 in Fire Magic
 20014 | Lair:2   | Learned a level 4 spell: Olgreb's Toxic Radiance
 20220 | Lair:2   | Reached skill level 1 in Poison Magic
 20361 | Lair:2   | Found a staircase to the Shoals.
 20741 | Lair:2   | Noticed a seven-headed hydra
 20753 | Lair:2   | Killed a seven-headed hydra
 20800 | Lair:2   | Identified a scroll of acquirement
 20800 | Lair:2   | Acquired 850 gold pieces
 21140 | Lair:3   | Reached skill level 5 in Stealth
 21340 | Lair:3   | Found a staircase to the Snake Pit.
 22394 | Lair:4   | Reached skill level 12 in Spellcasting
 22490 | Lair:4   | Gained mutation: Spells you cast may paralyse nearby
                  | enemies. [demonic ancestry]
 22490 | Lair:4   | Reached XP level 13. HP: 86/86 MP: 24/29
 22889 | Lair:4   | Found a runed translucent gate.
 22890 | Lair:4   | Found a runed translucent gate.
 22891 | Lair:4   | Found a runed translucent gate.
 22892 | Lair:4   | Noticed Fiha's ghost (journeyman VSTm)
 22910 | Lair:4   | Mangled by a spectral death yak

Illustrated notes

Levels and vault maps discovered:
D:1:      saegor_arrival_simple_d, layout_loops_ring,
          hellmonk_ecumenical_altar_slurped_away
D:2:      layout_loops_cross, grunt_decor_resistance
D:3:      layout_rooms, hangedman_decor_growths
D:4:      layout_loops_corners, serial_shops, kennysheep_little_box,
          minmay_hedge_maze
D:5:      layout_loops_ring, grunt_dithmenos_smoke,
          minmay_temple_entry_enclosed_plants, minmay_misc_feat_more_columns
D:6:      layout_loops_cross
D:7:      layout_loops_ring, elyvilon_altar_4, minitemple, grunt_ministairs_13,
          hangedman_decor_opposing, minmay_fire_ice_demons
D:8:      layout_layer_cave, enter_bailey_3, grunt_ministairs_13,
          serial_bayou_lake_a, uniq_joseph
D:9:      layout_roguey, erik_lair_dragon, ebering_ghost_inner_flame,
          hangedman_glass_teeth, nicolae_sextant
D:10:     layout_cave_pools, serial_shops, shop, kennysheep_generic_room_6
D:11:     layout_stronghold, orc_0_dummy, serial_co_window_serial,
          co_window_paths_a, co_window_corner_a, co_window_paths_a,
          co_window_paths_b, co_window_paths_a, co_window_corner_a,
          co_window_corner_a, co_window_cross_1, co_window_paths_a,
          co_window_of_opportunity_c, co_window_of_opportunity_b,
          co_window_of_opportunity_b, co_window_broadway_b,
          co_window_unsneaky_path_b, co_window_2corner, glass_columns_a,
          glass_columns_a, glass_columns_c, glass_columns_a, uniq_nergalle
D:12:     layout_rooms, special_room [special_room_orc]
Lair:1:   layout_regular_city
Lair:2:   layout_chaotic_city, elwin_shoals_entry_stream
Lair:3:   layout_cave_shapes, minmay_snake_entry_guardpost_medium
Lair:4:   layout_layer_cave, gammafunk_ghost_necromancy,
          nicolae_quartered_pool_impasse

Skill      XL: |  1  2  3  4  5  6  7  8  9 10 11 12 |
---------------+-------------------------------------+-----
Fire Magic     | 3 4 5 6 7 8 9 10 | 10.4
Dodging        | 2 3 4 |  4.8
Spellcasting   | 3 4 5 6 8 9 11 12 | 12.0
Conjurations   | 2 3 4 5 7 8 9 |  9.1
Stealth        | 2 3 5 |  5.6
Fighting       | 1 2 3 |  3.3
Evocations     | 1 4 5 |  5.1
Short Blades   | 1 2 3 |  3.4
Shields        | 1 2 |  2.9
Poison Magic   | 3 |  3.6
Transmutations | |  0.1

Action                   |  1- 3 |  4- 6 |  7- 9 | 10-12 | 13-15 || total
-------------------------+-------+-------+-------+-------+-------++-------
Melee: Unarmed           |    17 |       |       |       |       ||    17
       Kick              |     6 |     1 |    36 |    62 |       ||   105
       Dagger            |       |     2 |   107 |   159 |       ||   268
       Punch             |       |       |     1 |     2 |       ||     3
 Cast: Foxfire           |    82 |   140 |   212 |   610 |    10 ||  1054
       Scorch            |       |       |    43 |    58 |       ||   101
       Flame Wave        |       |       |       |    17 |     3 ||    20
       Inner Flame       |       |       |       |     1 |       ||     1
       Ignite Poison     |       |       |       |    10 |       ||    10
       Olgreb's Toxic Ra |       |       |       |     2 |       ||     2
Evoke: Wand              |       |       |     5 |     8 |       ||    13
       Phantom mirror    |       |       |       |     1 |       ||     1
  Use: Scroll            |       |     3 |     4 |    23 |       ||    30
       Potion            |       |       |     4 |     4 |       ||     8
 Stab: Sleeping          |       |       |       |     1 |       ||     1
       Paralysed         |       |       |       |    27 |       ||    27
Armor: Robe              |     6 |     4 |    50 |   129 |     7 ||   196
Dodge: Dodged            |    33 |    13 |   116 |   226 |     8 ||   396
Block: Other             |       |       |    41 |    88 |     2 ||   131
       Reflection        |       |       |     1 |     8 |       ||     9

Table legend: (Time is in decaauts)
 A = Elapsed time spent in this place.
 B = Non-inter-level travel time spent in this place.
 C = Inter-level travel time spent in this place.
 D = Time resting spent in this place.
 E = Time spent auto-exploring this place.
 F = Levels seen in this place.
 G = Mean time per level.
                   A        B        C        D        E       F      G
               +--------+--------+--------+--------+--------+-----+--------+
         Total |  22897 |  22239 |    658 |   3023 |  16107 |  16 | 1431.1 |
       Dungeon |  17499 |  16848 |    651 |   2074 |  12449 |  12 | 1458.2 |
          Lair |   5397 |   5391 |      6 |    949 |   3657 |   4 | 1349.2 |
               +--------+--------+--------+--------+--------+-----+--------+

Top non-repeatable levels by time:
     D:8: 2442 daAuts
  Lair:2: 2298 daAuts
     D:7: 2078 daAuts
    D:11: 1991 daAuts
     D:9: 1929 daAuts
     D:1: 1779 daAuts
     D:4: 1666 daAuts
  Lair:1: 1327 daAuts
     D:2: 1281 daAuts
     D:6: 1260 daAuts
    D:10: 1222 daAuts
     D:5: 1009 daAuts
  Lair:3: 970 daAuts
     D:3: 820 daAuts
  Lair:4: 800 daAuts
